 Dungeon Sprint DCSS version 0.31-b1-19-g70c676f13a (webtiles) character file.

Game seed: 7412199402827251220

5000000 Groucho the Intangible (level 26, -106/221 HPs)
             Began as a Djinni Warper on Jan 18, 2024.
             Was the Champion of Makhleb.
             Annihilated by a destroyer
             ... wielding a +9 heavy great sword
              (219 damage)
             ... in the Dungeon (Sprint VIII: "Arena of Blood").
             The game lasted 00:02:17 (50 turns).

Groucho the Intangible (Djinni Warper)                Turns: 50, Time: 00:02:17

Health: -106/221   AC:  6    Str: 10    XL:     26   Next: 64%
Gold:   0          EV: 27    Int: 24    God:    Makhleb [******] SH:  0 Dex: 16

rFire   + + .        i - +∞ Axe of Woe
rCold   x . .        (shield currently unavailable)
rNeg    . . .        b - +0 leather armour
rPois   ∞            (no helmet)
rElec   .            (no cloak)
rCorr   .            (no gloves)
SInv    .            (boots unavailable)
Will    ++...        (no amulet)
Stlth   +++++++++    (no ring)
HPRegen 0.56/turn    (no ring)
MPRegen 0.00/turn

%: no teleportation, infuse magic (-107 HP)
@: flying, slowed, very slow
A: sickness immunity, fire resistance 2, cold vulnerability 1, float, innate
caster, HP casting, extra vitality 1
a: Renounce Religion, Minor Destruction, Lesser Servant of Makhleb, Major
Destruction, Greater Servant of Makhleb


You were in the Dungeon.
You worshipped Makhleb.
Makhleb was exalted by your worship.
You visited 1 branch

Inventory:

Hand Weapons
 a - a +0 hand axe
 i - the +∞ Axe of Woe (weapon)
   (You found it in the Dungeon)
Missiles
 d - 7 darts of dispersal
Armour
 b - a +0 leather armour (worn)
Jewellery
 j - a +200 ring of slaying
Scrolls
 c - 2 scrolls of blinking
Potions
 e - a potion of curing
 f - a potion of heal wounds
 g - a potion of haste
 h - a potion of berserk rage


   Skills:
 O Level 27 Fighting
 + Level 21.9 Short Blades
 O Level 27 Axes
 O Level 27 Maces & Flails
 O Level 27 Polearms
 O Level 27 Staves
 O Level 27 Throwing
 O Level 27 Armour
 O Level 27 Dodging
 O Level 27 Stealth
 O Level 27 Unarmed Combat
 O Level 27 Spellcasting
 O Level 27 Conjurations
 O Level 27 Hexes
 O Level 27 Summonings
 O Level 27 Necromancy
 O Level 27 Translocations
 O Level 27 Fire Magic
 O Level 27 Ice Magic
 O Level 27 Air Magic
 O Level 27 Earth Magic
 O Level 27 Alchemy
 O Level 27 Invocations


You knew the following spells:

 Your Spells              Type           Power      Damage    Failure   Level
a - Blink                 Tloc           100%       N/A       0%          2
b - Lesser Beckoning      Tloc           100%       N/A       0%          2
c - Teleport Other        Tloc           100%       N/A       0%          3
d - Manifold Assault      Tloc           100%       N/A       0%          4
e - Vhi's Electric Charg  Tloc/Air       100%       N/A       0%          4
f - Sandblast             Erth           100%       2d20      0%          1
g - Ensorcelled Hibernat  Hex/Ice        100%       N/A       0%          2
h - Sigil of Binding      Hex            100%       N/A       0%          3
i - Passwall              Erth           100%       N/A       0%          3
j - Petrify               Alch/Erth      100%       N/A       0%          4
k - Curse of Agony        Necr           100%       N/A       0%          5
l - Death Channel         Necr           52%        N/A       0%          6
m - Haunt                 Necr/Summ      52%        N/A       0%          7
n - Orb of Destruction    Conj           52%        9d13      0%          7
o - Summon Horrible Thin  Summ           52%        N/A       1%          8
p - Infestation           Necr           52%        N/A       1%          8
q - Shatter               Erth           52%        3d39*     1%          9
Your spell library was empty.

Dungeon Overview and Level Annotations

Branches:
Dungeon (1/1)

Altars:
Makhleb


Innate Abilities, Weirdness & Mutations

You are immune to sickness and miasma.
You are immune to poison.
Your flesh is very heat resistant. (rF++)
You are vulnerable to cold. (rC-)
You float through the air rather than walking.
You learn spells naturally, not from books.
Your magical power is your life essence.
You have superior vitality. (+4 MHP)


Message History

Unknown command.
Unknown command.
Unknown command.
You slash the sculptor of flesh!
You cleave the sculptor of flesh in twain.
You destroy the sculptor of flesh!
Makhleb accepts your kill.
You feel better.
The tyrant appears out of thin air!
A tyrant comes into view.
You are engulfed in blazing flames.
You resist. The destroyer casts a spell at you.
The destroyer blinks!
The destroyer is engulfed in blazing flames.
An accursed comes into view.
Your Short Blades skill increases to level 21!
Unknown command.
Unknown command.
The tyrant shouts!
You slash the destroyer!
You cleave the destroyer in twain.
You destroy the destroyer!
Makhleb accepts your kill.
You feel better.
The tyrant appears out of thin air!
A tyrant comes into view.
You are engulfed in blazing flames.
You resist.
A bag of meat comes into view. It is wielding a +9 war axe. x2
The large bag of meat is engulfed in blazing flames.
A sculptor of flesh comes into view. It is wielding a +9 great sword.
An accursed comes into view.
The accursed points at you and mumbles some strange words.
Something smites you!
The accursed gestures at you while chanting.
Something smites you!
The tyrant waves its bony arms in wide circles.
The air twists around and strikes you!!
A bag of meat comes into view. It is wielding a +9 war axe.
The large bag of meat hits you with a +9 giant spiked club!!!
The large bag of meat closely misses you.
The destroyer hits you with a +9 heavy great sword!!!!!
Ouch! That really hurt!
You die...

o...#_.<._#......
o...#...).#.M.... #
......._.)zV.....
)o......###).......
.o.###.)..).)###...
...L #....)))#
.....#§.§))..#z.
.....o§Vo)).)M...
....).O@☼).)).)..#
.....○§°°.......#.
...§.☼☼z§)....##..
..z.#..o.....#....
... .........#...
.. ##.#.......L.. §
o..........
..M.#.....##


You could see 3 accurseds, 2 tyrants, 2 destroyers, 4 sculptors of flesh, a
large bag of meat (inner flame) and 6 bags of meat.

Vanquished Creatures
  A royal mummy (D)
  8 vampire knights (D)
  16 ogres (D)
  6 two-headed ogres (D)
  A lich (D)
  A hydra (D)
  53 orcs (D)
  A skeletal warrior (D)
87 creatures vanquished.

Notes
Turn   | Place    | Note
-------+----------+-------------------------------------------
     0 | D        | Found the +∞ Axe of Woe
     0 | D        | Groucho the Djinni Warper began the quest for the Orb.
     0 | D        | Groucho set off with the following spells memorised: Blink,
                  | Lesser Beckoning, Teleport Other, Manifold Assault, Vhi's
                  | Electric Charge.
     0 | D        | Reached XP level 1. HP: 18/18 MP: 0/0
     2 | D        | Noticed a bag of meat
     2 | D        | Noticed a bag of meat
     2 | D        | Noticed a bag of meat
     3 | D        | Noticed a meat berserker
     4 | D        | Became a worshipper of Makhleb the Destroyer
     4 | D        | Noticed a bag of meat
     4 | D        | Noticed a bag of meat
     4 | D        | Noticed a bag of meat
     6 | D        | Killed a bag of meat
     6 | D        | Noticed a bag of meat
     7 | D        | Reached skill level 15 in Axes
     7 | D        | Reached skill level 10 in Spellcasting
     7 | D        | Reached skill level 10 in Conjurations
     7 | D        | Reached skill level 10 in Hexes
     7 | D        | Reached skill level 10 in Summonings
     7 | D        | Reached skill level 10 in Necromancy
     7 | D        | Reached skill level 10 in Translocations
     7 | D        | Reached skill level 10 in Fire Magic
     7 | D        | Reached skill level 10 in Ice Magic
     7 | D        | Reached skill level 10 in Air Magic
     7 | D        | Reached skill level 10 in Earth Magic
     7 | D        | Reached skill level 10 in Alchemy
     7 | D        | Reached XP level 2. HP: 14/23 MP: 0/0
     7 | D        | Reached XP level 3. HP: 18/28 MP: 0/0
     7 | D        | Learned a level 1 spell: Sandblast
     7 | D        | Reached XP level 4. HP: 21/33 MP: 0/0
     7 | D        | Reached XP level 5. HP: 24/38 MP: 0/0
     7 | D        | Learned a level 2 spell: Ensorcelled Hibernation
     7 | D        | Reached XP level 6. HP: 27/43 MP: 0/0
     7 | D        | Reached XP level 7. HP: 31/49 MP: 0/0
     7 | D        | Learned a level 3 spell: Sigil of Binding
     7 | D        | Reached XP level 8. HP: 35/54 MP: 0/0
     7 | D        | Reached XP level 9. HP: 37/58 MP: 0/0
     7 | D        | Learned a level 3 spell: Passwall
     7 | D        | Reached XP level 10. HP: 41/64 MP: 0/0
     7 | D        | Reached XP level 11. HP: 44/68 MP: 0/0
     7 | D        | Learned a level 4 spell: Petrify
     7 | D        | Killed a meat berserker
     7 | D        | Reached * piety under Makhleb
     7 | D        | Killed a bag of meat
     8 | D        | Reached XP level 12. HP: 48/74 MP: 0/0
     8 | D        | Reached XP level 13. HP: 51/78 MP: 0/0
     8 | D        | Learned a level 5 spell: Curse of Agony
     8 | D        | Killed a bag of meat
     9 | D        | Reached skill level 15 in Spellcasting
     9 | D        | Reached skill level 15 in Conjurations
     9 | D        | Reached skill level 15 in Hexes
     9 | D        | Reached skill level 15 in Summonings
     9 | D        | Reached skill level 15 in Necromancy
     9 | D        | Reached skill level 15 in Translocations
     9 | D        | Reached skill level 15 in Fire Magic
     9 | D        | Reached skill level 15 in Ice Magic
     9 | D        | Reached skill level 15 in Air Magic
     9 | D        | Reached skill level 15 in Earth Magic
     9 | D        | Reached skill level 15 in Alchemy
     9 | D        | Reached XP level 14. HP: 78/85 MP: 0/0
     9 | D        | Killed a bag of meat
     9 | D        | Reached ** piety under Makhleb
     9 | D        | Noticed a bag of meat
    10 | D        | Killed a bag of meat
    10 | D        | Noticed a meat berserker
    11 | D        | Noticed a bag of meat
    11 | D        | Noticed a bag of meat
    11 | D        | Noticed a bag of meat
    11 | D        | Noticed a large bag of meat
    11 | D        | Noticed a bag of meat
    11 | D        | Noticed a bag of meat
    11 | D        | Noticed a meat berserker
    11 | D        | Noticed a bag of meat
    11 | D        | Noticed a bag of meat
    12 | D        | Noticed a bag of meat
    12 | D        | Noticed a bag of meat
    12 | D        | Noticed a large bag of meat
    12 | D        | Noticed a bag of meat
    12 | D        | Noticed a bag of meat
    12 | D        | Noticed a bag of meat
    13 | D        | Killed a meat berserker
    13 | D        | Noticed a meat berserker
    14 | D        | Reached XP level 15. HP: 89/89 MP: 0/0
    14 | D        | Learned a level 6 spell: Death Channel
    14 | D        | Reached *** piety under Makhleb
    14 | D        | Killed a large bag of meat
    15 | D        | Reached skill level 27 in Dodging
    15 | D        | Reached XP level 16. HP: 94/94 MP: 0/0
    15 | D        | Killed a meat berserker
    15 | D        | Reached **** piety under Makhleb
    16 | D        | Reached skill level 27 in Axes
    16 | D        | Reached XP level 17. HP: 99/99 MP: 0/0
    16 | D        | Learned a level 7 spell: Haunt
    16 | D        | Noticed a meat berserker
    16 | D        | Killed a meat berserker
    16 | D        | Reached ***** piety under Makhleb
    16 | D        | Noticed a meat berserker
    17 | D        | Reached skill level 27 in Spellcasting
    17 | D        | Reached skill level 27 in Conjurations
    17 | D        | Reached skill level 27 in Hexes
    17 | D        | Reached skill level 27 in Summonings
    17 | D        | Reached skill level 27 in Necromancy
    17 | D        | Reached skill level 27 in Translocations
    17 | D        | Reached skill level 27 in Fire Magic
    17 | D        | Reached skill level 27 in Ice Magic
    17 | D        | Reached skill level 27 in Air Magic
    17 | D        | Reached skill level 27 in Earth Magic
    17 | D        | Reached skill level 27 in Alchemy
    17 | D        | Reached skill level 10 in Armour
    17 | D        | Reached XP level 18. HP: 135/135 MP: 0/0
    17 | D        | Killed a meat berserker
    17 | D        | Killed a meat berserker
    17 | D        | Noticed a meat berserker
    18 | D        | Reached XP level 19. HP: 160/160 MP: 0/0
    18 | D        | Learned a level 7 spell: Orb of Destruction
    18 | D        | Reached ****** piety under Makhleb
    18 | D        | Noticed a meat berserker
    19 | D        | Noticed a meat berserker
    20 | D        | Killed a large bag of meat
    20 | D        | Noticed a meat berserker
    21 | D        | Reached XP level 20. HP: 172/179 MP: 0/0
    23 | D        | Reached skill level 27 in Fighting
    23 | D        | Killed a meat berserker
    23 | D        | Noticed a destroyer
    24 | D        | Noticed a large bag of meat
    25 | D        | Killed a meat berserker
    25 | D        | Noticed a meat berserker
    26 | D        | Reached skill level 27 in Armour
    26 | D        | Reached skill level 27 in Invocations
    26 | D        | Reached XP level 21. HP: 183/187 MP: 0/0
    26 | D        | Learned a level 8 spell: Summon Horrible Things
    26 | D        | Killed a meat berserker
    26 | D        | Killed a meat berserker
    27 | D        | Noticed a meat berserker
    29 | D        | Reached skill level 27 in Maces & Flails
    29 | D        | Reached skill level 15 in Polearms
    29 | D        | Reached XP level 22. HP: 190/194 MP: 0/0
    29 | D        | Noticed a large bag of meat
    29 | D        | Noticed an eight-headed meat hydra
    29 | D        | Noticed a meat berserker
    29 | D        | Noticed a destroyer
    30 | D        | Killed a destroyer
    30 | D        | Noticed a meat berserker
    31 | D        | Killed a meat berserker
    32 | D        | Noticed a large bag of meat
    33 | D        | Noticed a destroyer
    34 | D        | Killed a meat berserker
    34 | D        | Killed a large bag of meat
    34 | D        | Noticed a meat berserker
    35 | D        | Reached skill level 27 in Polearms
    35 | D        | Reached XP level 23. HP: 95/201 MP: 0/0
    35 | D        | Learned a level 8 spell: Infestation
    36 | D        | Killed a destroyer
    36 | D        | Noticed a large bag of meat
    37 | D        | Reached skill level 27 in Staves
    37 | D        | Reached XP level 24. HP: 198/208 MP: 0/0
    37 | D        | Killed a large bag of meat
    37 | D        | Noticed a destroyer
    38 | D        | Killed a destroyer
    39 | D        | Killed a large bag of meat
    39 | D        | Noticed a large bag of meat
    39 | D        | Noticed a destroyer
    39 | D        | Noticed a destroyer
    40 | D        | Killed a destroyer
    41 | D        | Reached skill level 27 in Unarmed Combat
    41 | D        | Reached XP level 25. HP: 107/214 MP: 0/0
    41 | D        | Learned a level 9 spell: Shatter
    41 | D        | Noticed a destroyer
    42 | D        | Killed a destroyer
    43 | D        | Killed a destroyer
    43 | D        | Noticed a tyrant
    44 | D        | Reached skill level 27 in Throwing
    44 | D        | Killed a destroyer
    45 | D        | Killed a large bag of meat
    46 | D        | Noticed an accursed
    46 | D        | Killed a tyrant
    46 | D        | Noticed a destroyer
    46 | D        | Noticed a destroyer
    47 | D        | Reached XP level 26. HP: 214/221 MP: 0/0
    48 | D        | Killed an accursed
    48 | D        | Noticed a destroyer
    49 | D        | Reached skill level 27 in Stealth
    49 | D        | Noticed an accursed
    49 | D        | Noticed an accursed
    50 | D        | Noticed a tyrant
    50 | D        | Killed a destroyer
    50 | D        | Noticed an accursed
    50 | D        | Annihilated by a destroyer

Illustrated notes

Levels and vault maps discovered:
D:        meatsprint

Skill      XL: |  1  2  3  4  5  6  7  8  9 10 11 12 13 14 15 16 17 18 19 20 21 22 23 24 25 26 |
---------------+-------------------------------------------------------------------------------+-----
Axes           | 15 20 23 25 27 | 27.0
Dodging        | 14 19 21 24 27 | 27.0
Spellcasting   | 10 14 15 18 21 25 27 | 27.0
Conjurations   | 10 14 15 18 21 25 27 | 27.0
Hexes          | 10 14 15 18 21 25 27 | 27.0
Summonings     | 10 14 15 18 21 25 27 | 27.0
Necromancy     | 10 14 15 18 21 25 27 | 27.0
Translocations | 10 14 15 18 21 25 27 | 27.0
Fire Magic     | 10 14 15 18 21 25 27 | 27.0
Ice Magic      | 10 14 15 18 21 25 27 | 27.0
Air Magic      | 10 14 15 18 21 25 27 | 27.0
Earth Magic    | 10 14 15 18 21 25 27 | 27.0
Alchemy        | 10 14 15 18 21 25 27 | 27.0
Fighting       | 14 22 26 27 | 27.0
Armour         | 10 16 19 27 | 27.0
Invocations    | 9 16 19 27 | 27.0
Maces & Flails | 16 27 | 27.0
Polearms       | 15 27 | 27.0
Staves         | 14 27 | 27.0
Unarmed Combat | 27 | 27.0
Throwing       | 17 27 | 27.0
Stealth        | 25 27 | 27.0
Short Blades   | 21 | 21.9

Action                     |  1- 3 |  4- 6 |  7- 9 | 10-12 | 13-15 | 16-18 | 19-21 | 22-24 | 25-27 || total
---------------------------+-------+-------+-------+-------+-------+-------+-------+-------+-------++-------
  Melee: Executioner's axe |     1 |       |       |     1 |     8 |     9 |     9 |     9 |    16 ||    53
   Cast: Manifold Assault  |       |       |       |       |     1 |     2 |       |       |     2 ||     5
 Armour: Leather armour    |     1 |       |       |       |       |       |    10 |    10 |    14 ||    35
  Dodge: Dodged            |       |       |       |       |       |       |       |       |     1 ||     1
